 Dungeon Crawl Stone Soup version 0.29.0-4-gdea44cf6ec (webtiles) character file.

Game seed: 13316844517708470347

127 qw the Chopper (level 5, 0/30 HPs)
             Began as a Tengu Warper on Aug 28, 2022.
             Splashed by a jelly's acid (5 damage)
             ... on level 4 of the Dungeon.
             The game lasted 00:00:18 (2761 turns).

qw the Chopper (Tengu Warper)                       Turns: 2761, Time: 00:00:19

Health: 0/30       AC:  0    Str: 13    XL:     5   Next: 11%
Magic:  0/9        EV:  5    Int: 14    God:
Gold:   119        SH: 10    Dex: 13    Spells: 8/8 levels left

rFire   . . .      SeeInvis .   Y - +0 hand axe
rCold   . . .      Faith    .   a - +2 kite shield
rNeg    . . .      Spirit   +   c - +0 chain mail
rPois   .          Reflect  .   (helmet restricted)
rElec   .          Harm     .   j - scarf {repulsion}
rCorr   .          Rampage  .   (no gloves)
Will    .....                   (boots unavailable)
Stlth   ..........              b - amulet of guardian spirit
HPRegen 0.10/turn               (no ring)
MPRegen 0.11/turn               (no ring)

@: corroded, flying quickly and evasively, repel missiles, quick
A: beak, talons 3, nimble flight
a: no special abilities


You were on level 4 of the Dungeon.
You visited 1 branch of the dungeon, and saw 4 of its levels.

You collected 119 gold pieces.


Innate Abilities, Weirdness & Mutations

You have a beak for a mouth.
You have claws for feet.
Your magical nature lets you fly swiftly and evasively.


   Skills:
 - Level 2.0 Fighting
 - Level 4.4 Axes
 - Level 1.0 Throwing
 - Level 1.1 Armour
 - Level 2.1 Dodging
 + Level 2.9 Shields
 - Level 2.0 Spellcasting
 - Level 2.4 Translocations


You had 8 spell levels left.
You didn't know any spells.
Your spell library contained the following spells:

 Spells                   Type           Power      Damage    Failure   Level
 Blink                    Tloc           16%        N/A       100%        2
 Gell's Gravitas          Tloc           8%         N/A       100%        3
 Lesser Beckoning         Tloc           8%         N/A       100%        3
 Teleport Other           Tloc           8%         N/A       100%        3
 Manifold Assault         Tloc           8%         N/A       100%        5

Inventory:

Hand Weapons
 k - a +0 flail
 Y - a +0 hand axe (weapon)
Armour
 a - a +2 kite shield (worn)
 c - a +0 chain mail (worn)
 j - a scarf of repulsion (worn)
Jewellery
 b - an amulet of guardian spirit (around neck)
Scrolls
 e - a scroll of identify
Potions
 f - 3 potions of curing

Dungeon Overview and Level Annotations

Branches:
Dungeon (4/15)
 Temple: D:4-7

Altars:
Kikubaaqudgha
Wu Jian

Shops:
D:2 ::

Annotations:
D:2 1 runed translucent door, Crazy Yiuf


Message History

2714 ||| DROPPING potion of invisibility.
You drop a potion of invisibility.
Done exploring.
(D) Dungeon
Where to? (* - list waypoints, Enter - D:3, ? - help)
What level of the Dungeon? (default 1, ? - help)
There is an open door here.
You flicker for a moment.
You flicker back into view.
There is a stone staircase leading down here.
You fly downwards.
The jelly quivers.
Found 2 stones and a book of Misfortune.
There is a stone staircase leading up here.
A jelly is nearby!
Existing waypoints: (1) D:2 (2) D:3 Assign waypoint to what number? (0-9, D - delete waypoint) Waypoint 1 re-assigned from D:2 to D:4.
Enter note: The jelly jiggles.
The jelly jiggles.
You hit the jelly.
Your hands burn!
The jelly is moderately wounded.
You block the jelly's attack.
You hit the jelly. The acid corrodes you!
Your hands burn!
You claw the jelly, but do no damage. You peck the jelly, but do no damage.
The jelly is heavily wounded.
The jelly hits you.
You are splashed with acid!
You hit the jelly.
Your hands burn!
The jelly is severely wounded.
You block the jelly's attack.
You hit the jelly but do no damage.
Your hands burn!
You claw the jelly. You peck the jelly, but do no damage.
The jelly is almost dead.
The jelly barely misses you. The jelly hits you but does no damage.
You hit the jelly but do no damage. The acid corrodes you!
Your hands burn!
The jelly is almost dead.
The jelly hits you.
You are splashed with acid!
You die...

#######
##.....#####
##...........
#............
#............
.8#.........##.
}......@.......
.8#...J.....#..
}.............(
.8#....:.......
# #............
...........#..
............# .
.............


You could see a jelly.

Vanquished Creatures
  Terence (D:3)
  Robin (D:2)
  3 adders
  A dart slug (D:1)
  3 orcs (D:3)
  An endoplasm (D:3)
  A giant cockroach (D:3)
  13 goblins
  6 hobgoblins
  6 kobolds
  3 quokkas
  6 ball pythons
  10 bats
  A frilled lizard (D:1)
  2 rats (D:1)
58 creatures vanquished.

Vanquished Creatures (others)
  A human (D:3)
1 creature vanquished.

Grand Total: 59 creatures vanquished

Notes
Turn   | Place    | Note
-------+----------+-------------------------------------------
     0 | D:1      | qw the Tengu Warper began the quest for the Orb.
     0 | D:1      | Reached XP level 1. HP: 12/12 MP: 4/4
     0 | D:1      | 0 ||| qw: Version: 0.1-a-89-g26bdef1
     0 | D:1      | 0 ||| qw: Game counter: 3102
     0 | D:1      | 0 ||| qw: Always use a shield: true
     0 | D:1      | 0 ||| qw: God list: Okawaru
     0 | D:1      | 0 ||| qw: Allow faded altars: false
     0 | D:1      | 0 ||| qw: Do Orc after D:15 true
     0 | D:1      | 0 ||| qw: Do second Lair branch before Depths: true
     0 | D:1      | 0 ||| qw: Lair rune preference: random
     0 | D:1      | 0 ||| qw: Plans: Normal
     0 | D:1      | 0 ||| PLANNING D:1-11
   143 | D:1      | Reached XP level 2. HP: 13/17 MP: 6/6
   242 | D:1      | Reached skill level 3 in Axes
   318 | D:1      | 318 ||| Stepping ~*~*~tactically~*~*~ (stealth).
   319 | D:1      | 319 ||| Stepping ~*~*~tactically~*~*~ (stealth).
   322 | D:1      | 322 ||| Stepping ~*~*~tactically~*~*~ (stealth).
   323 | D:1      | 323 ||| Stepping ~*~*~tactically~*~*~ (stealth).
   551 | D:1      | 551 ||| Stepping ~*~*~tactically~*~*~ (stealth).
   629 | D:1      | 629 ||| READING scroll labelled YNONNA HOTH.
   630 | D:1      | 630 ||| READING scroll labelled TISKODGHEDUPH.
   631 | D:1      | 631 ||| DRINKING 2 glowing sapphire potions.
   632 | D:1      | 632 ||| DROPPING scroll of blinking.
   633 | D:1      | 633 ||| DROPPING potion of flight.
   687 | D:2      | 687 ||| DROPPING +0 club.
   904 | D:2      | Found Poydat's Vocational Training.
   948 | D:2      | 948 ||| Stepping ~*~*~tactically~*~*~ (stealth).
   952 | D:2      | Reached XP level 3. HP: 16/21 MP: 7/7
   952 | D:2      | 952 ||| FLEEEEING.
   953 | D:2      | 953 ||| FLEEEEING.
   954 | D:2      | 954 ||| FLEEEEING.
   955 | D:2      | 955 ||| FLEEEEING.
   956 | D:2      | 956 ||| FLEEEEING.
   958 | D:2      | 958 ||| FLEEEEING.
   960 | D:2      | 960 ||| FLEEEEING.
   962 | D:2      | 962 ||| FLEEEEING.
   963 | D:2      | 963 ||| FLEEEEING.
   964 | D:2      | 964 ||| FLEEEEING.
   965 | D:2      | 965 ||| FLEEEEING.
   966 | D:2      | 966 ||| FLEEEEING.
   967 | D:2      | 967 ||| FLEEEEING.
   968 | D:2      | 968 ||| FLEEEEING.
   969 | D:2      | 969 ||| FLEEEEING.
   970 | D:2      | 970 ||| FLEEEEING.
   971 | D:2      | 971 ||| FLEEEEING.
   973 | D:2      | 973 ||| FLEEEEING.
   974 | D:2      | 974 ||| FLEEEEING.
   977 | D:2      | 977 ||| FLEEEEING.
   978 | D:2      | 978 ||| STAIRDANCE
  1010 | D:1      | 1010 ||| UPGRADING to +2 kite shield.
  1015 | D:1      | 1015 ||| UPGRADING to +0 chain mail.
  1025 | D:1      | 1025 ||| DROPPING +0 leather armour.
  1026 | D:1      | 1026 ||| READING 2 scrolls of identify.
  1026 | D:1      | 1026 ||| IDENTIFYING brown potion
  1087 | D:2      | Found a runed translucent door.
  1088 | D:2      | Noticed Crazy Yiuf
  1107 | D:2      | Noticed Robin
  1120 | D:2      | Reached skill level 1 in Shields
  1125 | D:2      | Killed Robin
  1150 | D:2      | 1150 ||| FLEEEEING.
  1151 | D:2      | 1151 ||| FLEEEEING.
  1152 | D:2      | 1152 ||| FLEEEEING.
  1154 | D:2      | 1154 ||| FLEEEEING.
  1155 | D:2      | 1155 ||| FLEEEEING.
  1156 | D:2      | 1156 ||| FLEEEEING.
  1157 | D:2      | 1157 ||| FLEEEEING.
  1158 | D:2      | 1158 ||| FLEEEEING.
  1359 | D:2      | Found Nyololeu's Book Shop.
  1373 | D:2      | Reached XP level 4. HP: 26/26 MP: 8/8
  1631 | D:2      | 1631 ||| UPGRADING to scarf of repulsion.
  1636 | D:2      | 1636 ||| UPGRADING to amulet of guardian spirit.
  1827 | D:3      | Found an ancient bone altar of Kikubaaqudgha.
  1828 | D:3      | Noticed a human
  1830 | D:3      | Killed a human
  1930 | D:3      | Noticed Terence
  1937 | D:3      | Killed Terence
  1938 | D:3      | Reached skill level 4 in Axes
  2063 | D:3      | 2063 ||| DROPPING +0 whip.
  2098 | D:3      | 2098 ||| Stepping ~*~*~tactically~*~*~ (hiding).
  2220 | D:3      | 2220 ||| Stepping ~*~*~tactically~*~*~ (stealth).
  2273 | D:3      | Gained mutation: Your magical nature lets you fly swiftly
                  | and evasively. [Tengu growth]
  2273 | D:3      | Reached XP level 5. HP: 30/30 MP: 9/9
  2669 | D:3      | Found an ornate altar of the Wu Jian Council.
  2709 | D:3      | 2709 ||| DRINKING 2 black potions.
  2710 | D:3      | 2710 ||| READING 3 scrolls of identify.
  2710 | D:3      | 2710 ||| IDENTIFYING golden potion
  2711 | D:3      | 2711 ||| READING 2 scrolls of identify.
  2711 | D:3      | 2711 ||| IDENTIFYING orange potion
  2712 | D:3      | 2712 ||| DROPPING potion of attraction.
  2713 | D:3      | 2713 ||| DROPPING potion of brilliance.
  2714 | D:3      | 2714 ||| DROPPING potion of invisibility.
  2761 | D:4      | HP: 6/30 [acid (2)]
  2761 | D:4      | Splashed by a jelly's acid

Levels and vault maps discovered:
D:1:      dpeg_arrival_chambers_temple_mockup, layout_rooms,
          shapermc_ecumenical_altar_petra
D:2:      layout_loops_cross, serial_shops, shop, nicolae_shop_vocational,
          uniq_crazy_yiuf_cottage, uniq_robin
D:3:      layout_basic, pdpol_wu_jian_five_deadly_venoms, tgw_kikubaaqudgha,
          feat_on_display, uniq_terence
D:4:      layout_rooms, serial_shops,
          nicolae_shop_temple_entry_statues_fountains, shop, nicolae_shop_stone,
          shop, gammafunk_ghost_grave

Skill      XL: |  1  2  3  4 |
---------------+-------------+-----
Axes           | 3 4 |  4.4
Shields        | 2 |  2.9
Fighting       | |  2.0
Throwing       | |  1.0
Armour         | |  1.1
Dodging        | |  2.1
Spellcasting   | |  2.0
Translocations | |  2.4

Action                   |  1- 3 |  4- 6 || total
-------------------------+-------+-------++-------
Melee: Hand axe          |    88 |    66 ||   154
       Kick              |    16 |    16 ||    32
       Peck              |     9 |    12 ||    21
Throw: Boomerang         |     7 |       ||     7
  Use: Scroll            |     3 |     2 ||     5
       Potion            |     1 |     1 ||     2
Armor: Leather armour    |    16 |       ||    16
       Chain mail        |    18 |    40 ||    58
Dodge: Dodged            |    39 |    13 ||    52
Block: Kite shield       |    33 |    29 ||    62

Table legend:
 A = Non-vault XP
 B = Vault XP
 C = Vault XP percentage of total XP
 D = Non-vault monster count
 E = Vault monster count
 F = Vault count percentage of total count
                 A         B        C        D         E       F
            +---------+---------+-------+---------+---------+-------
      Total |     107 |      75 |  41.2 |      44 |      14 |  24.1
            +---------+---------+-------+---------+---------+-------
        D:1 |      25 |       0 |   0.0 |      15 |       0 |   0.0
        D:2 |      32 |      39 |  54.9 |      15 |      13 |  46.4
        D:3 |      50 |      36 |  41.9 |      14 |       1 |   6.7
            +---------+---------+-------+---------+---------+-------
